 Dungeon Crawl Stone Soup version 0.31-a0-656-gb4d89c20fa (webtiles) character file.

Game seed: 14695166624022460970

3059 cforsyth the Prestidigitator (level 9, -1/61 HPs)
             Began as a Gnoll Artificer on Aug 30, 2023.
             Was a Follower of Hepliaklqana.
             Killed from afar by an electric eel (12 damage)
             ... with a bolt of electricity
             ... on level 8 of the Dungeon.
             The game lasted 00:20:57 (9494 turns).

cforsyth the Prestidigitator (Gnoll Artificer)      Turns: 9494, Time: 00:20:58

Health: -1/61      AC: 20    Str: 13    XL:     9   Next: 87%
Magic:  16/16      EV:  0    Int: 14    God:    Hepliaklqana [*.....]
Gold:   275        SH:  0    Dex: 12    Spells: 17/17 levels left

rFire   + . .        d - +3 short sword
rCold   + + .        (no shield)
rNeg    . . .        h - +0 gold dragon scales
rPois   +            s - +0 helmet
rElec   .            D - +0 cloak
rCorr   .            (no gloves)
SInv    .            n - +1 pair of boots
Will    .....        (no amulet) Stlth
                     i - ring of poison resistance
HPRegen 0.30/turn    t - ring of protection from cold
MPRegen 0.15/turn

%: no passive effects
@: no status effects
A: reduced essence, fangs 1, strong nose, distributed training
a: Renounce Religion, Recall Ancestor, Ancestor Identity


You were on level 8 of the Dungeon.
You worshipped Hepliaklqana.
Hepliaklqana was aware of your devotion.
You visited 2 branches of the dungeon, and saw 9 of its levels.
You also visited: Sewer.

You collected 385 gold pieces.
You spent 110 gold pieces at shops.

Inventory:

Hand Weapons
 a - a +0 club
 d - a +3 short sword (weapon)
 v - a +1 flail
Missiles
 u - a throwing net
 B - 29 poisoned darts
Armour
 b - a +0 leather armour
 h - +0 gold dragon scales (worn)
 n - a +1 pair of boots (worn)
 s - a +0 helmet (worn)
 A - a +3 leather armour of fire resistance
 D - a +0 cloak (worn)
Jewellery
 i - a ring of poison resistance (left hand)
 t - a ring of protection from cold (right hand)
 x - a ring of willpower
 z - a ring of protection from fire
Wands
 f - a wand of paralysis (4)
Scrolls
 c - 2 scrolls of blinking
 e - 5 scrolls of enchant armour
 l - 5 scrolls of teleportation
 y - a scroll of summoning
 F - a scroll of vulnerability
Potions
 g - 3 potions of might
 j - 6 potions of curing
 k - 2 potions of mutation {unknown}
 m - 2 potions of lignification {unknown}
 o - a potion of brilliance {unknown}
 p - a potion of resistance {unknown}
 q - 2 potions of haste {unknown}
 r - 4 potions of heal wounds {unknown}
 C - 2 potions of enlightenment {unknown}
 E - a potion of cancellation {unknown}
 I - a potion of attraction {unknown}


   Skills:
 + Level 5.4 Fighting
 + Level 4.7 Short Blades
 + Level 4.7 Long Blades
 + Level 4.7 Axes
 + Level 4.7 Maces & Flails
 + Level 4.7 Polearms
 + Level 4.7 Staves
 + Level 4.7 Ranged Weapons
 + Level 4.7 Throwing
 + Level 6.7 Armour
 + Level 5.4 Dodging
 + Level 5.3 Stealth
 + Level 4.7 Shields
 + Level 4.7 Unarmed Combat
 + Level 4.7 Spellcasting
 + Level 3.9 Conjurations
 + Level 3.9 Hexes
 + Level 3.9 Summonings
 + Level 3.9 Necromancy
 + Level 3.9 Translocations
 + Level 3.9 Transmutations
 + Level 3.9 Fire Magic
 + Level 3.9 Ice Magic
 + Level 3.9 Air Magic
 + Level 3.9 Earth Magic
 + Level 3.9 Poison Magic
 + Level 5.2 Invocations
 + Level 8.2 Evocations
 + Level 4.3 Shapeshifting


You had 17 spell levels left.
You didn't know any spells.
Your spell library contained the following spells:

 Spells                   Type           Power      Damage    Failure   Level
 Necrotise                Necr           56%        1d6       100%        1
 Shock                    Conj/Air       56%        1d6       100%        1
 Scorch                   Fire           28%        2d6       100%        2
 Frozen Ramparts          Ice            28%        1d5       100%        3
 Summon Guardian Golem    Hex/Summ       14%        N/A       100%        3
 Swiftness                Air            14%        N/A       100%        3
 Vampiric Draining        Necr           14%        2d7       100%        3
 Airstrike                Air            7%         2d(1-17)  100%        4
 Flame Wave               Conj/Fire      14%        2d6       100%        4
 Petrify                  Tmut/Erth      14%        N/A       100%        4
 Agony                    Necr           14%        N/A       100%        5
 Metabolic Englaciation   Hex/Ice        7%         N/A       100%        5
 Summon Cactus Giant      Summ           7%         N/A       100%        6
 Orb of Destruction       Conj           7%         9d6       100%        7
 Spellforged Servitor     Conj/Summ      7%         N/A       100%        7


Dungeon Overview and Level Annotations

Branches:
Dungeon (8/15)             Temple (1/1) D:5           Sewer (visited)
   Lair: D:8-11

Altars:
Cheibriados
Dithmenos
Elyvilon
Fedhas
Hepliaklqana
Kikubaaqudgha
Makhleb
Nemelex Xobeh
Okawaru
Qazlal
Ru
Sif Muna
Trog
Uskayaw
Vehumet
Wu Jian
Xom
Yredelemnul
Zin
The Shining One

Shops:
D:6 ?   D:7 *   D:8 *


Innate Abilities, Weirdness & Mutations

Your life essence is reduced to manifest your ancestor. (-10% HP)
You have very sharp teeth.
Your uncanny sense of smell can sniff out nearby items.
Your experience applies equally to all skills.


Message History

Tlalli hits the plant.
Tlalli hits the plant.
A nearby plant withers and dies.
A hound comes into view.
The hound barks!
You hit the hound but do no damage.
The hound pauses to sniff the ground.
The hound bites you but does no damage. The hound bites you.
The hound bites you but does no damage. The hound bites you.
* * * LOW HITPOINT WARNING * * *
The hound bites you but does no damage.
Tlalli hits the hound.
The hound attacks as it pursues you! The hound bites you but does no damage.
The hound bites you.
* * * LOW HITPOINT WARNING * * *
Tlalli hits the hound.
The hound attacks as it pursues you! The hound bites you but does no damage.
The hound bites you but does no damage.
You hit the hound. You bite the hound.
The hound is severely wounded.
The hound bites you but does no damage.
You hit the hound.
The hound is severely wounded.
The hound bites you but does no damage.
Tlalli hits the hound.
The hound dies!
Found 9 stones.
The electric eel shoots out a bolt of lightning at you!
The bolt of electricity hits you but does no damage.
The electric eel shoots out a bolt of lightning at you!
The bolt of electricity hits you but does no damage.
You hear a bark!
An electric eel comes into view.
The electric eel shoots out a bolt of lightning at you!
The bolt of electricity hits you!
* * * LOW HITPOINT WARNING * * *
A hound comes into view.
The hound barks!
The electric eel shoots out a bolt of lightning at you!
The bolt of electricity hits you!
You die...

≈≈.~~.. #.#
..~~S....##.#
~S~~.....##.#
≈≈~≈~...R...#
~h..~....#..#
~....~(.#..#
.......#.##
##.###.....#
.......@.###
##########


You could see the friendly Tlalli the ancestor, a hound and 2 electric eels.

Vanquished Creatures
  Maurice (D:8)
  2 water moccasins
  3 sky beasts
  An ice beast (D:4)
  2 ogres
  A wolf (D:8)
  A centaur (D:6)
  2 phantoms (D:4)
  3 kobold brigands
  4 bullfrogs
  3 scorpions
  4 howler monkeys
  2 jellies (D:5)
  2 orc priests
  2 hounds
  2 sleepcaps (D:7)
  2 iguanas (D:6)
  6 orc wizards
  10 adders
  11 gnolls
  An ufetubus (D:6)
  A worm (D:3)
  A dart slug (D:3)
  16 orcs
  4 bats
  8 endoplasms
  2 giant cockroaches
  7 goblins
  6 hobgoblins
  5 quokkas
  7 ball pythons
  5 frilled lizards
  11 kobolds
  5 rats
143 creatures vanquished.

Vanquished Creatures (collateral kills)
  A scorpion (D:4)
  2 hounds (D:8)
  An iguana (D:5)
  A shadow imp (D:8)
  An ufetubus (D:4)
  An orc (D:8)
  A giant cockroach (D:4)
  A quokka (D:5)
  3 kobolds
12 creatures vanquished.

Vanquished Creatures (others)
  An orc wizard (D:7)
1 creature vanquished.

Grand Total: 156 creatures vanquished

Notes
Turn   | Place    | Note
-------+----------+-------------------------------------------
     0 | D:1      | cforsyth the Gnoll Artificer began the quest for the Orb.
     0 | D:1      | Reached XP level 1. HP: 17/17 MP: 1/1
   188 | D:1      | Reached XP level 2. HP: 13/23 MP: 2/2
   765 | D:2      | Reached XP level 3. HP: 20/28 MP: 3/3
   824 | D:2      | Reached skill level 1 in Invocations
  1043 | D:2      | Reached skill level 1 in Short Blades
  1043 | D:2      | Reached skill level 1 in Long Blades
  1043 | D:2      | Reached skill level 1 in Axes
  1043 | D:2      | Reached skill level 1 in Maces & Flails
  1043 | D:2      | Reached skill level 1 in Polearms
  1043 | D:2      | Reached skill level 1 in Staves
  1043 | D:2      | Reached skill level 1 in Ranged Weapons
  1043 | D:2      | Reached skill level 1 in Throwing
  1043 | D:2      | Reached skill level 1 in Shields
  1043 | D:2      | Reached skill level 1 in Unarmed Combat
  1043 | D:2      | Reached skill level 1 in Spellcasting
  1432 | D:2      | Reached XP level 4. HP: 34/34 MP: 5/5
  1481 | D:2      | Reached skill level 1 in Shapeshifting
  2216 | D:3      | Reached skill level 1 in Conjurations
  2216 | D:3      | Reached skill level 1 in Hexes
  2216 | D:3      | Reached skill level 1 in Summonings
  2216 | D:3      | Reached skill level 1 in Necromancy
  2216 | D:3      | Reached skill level 1 in Translocations
  2216 | D:3      | Reached skill level 1 in Transmutations
  2216 | D:3      | Reached skill level 1 in Fire Magic
  2216 | D:3      | Reached skill level 1 in Ice Magic
  2216 | D:3      | Reached skill level 1 in Air Magic
  2216 | D:3      | Reached skill level 1 in Earth Magic
  2216 | D:3      | Reached skill level 1 in Poison Magic
  2328 | D:3      | Found a faded altar of an unknown god.
  2707 | D:3      | Reached XP level 5. HP: 20/40 MP: 5/7
  3028 | D:4      | Noticed an ogre
  3056 | D:4      | HP: 1/41 [ogre/+0 giant club (19)]
  3068 | D:4      | Reached XP level 6. HP: 5/47 MP: 8/8
  3184 | D:4      | Reached skill level 5 in Armour
  3236 | D:4      | Noticed an ice beast
  3242 | D:4      | Killed an ice beast
  3243 | D:4      | Reached skill level 7 in Evocations
  3243 | D:4      | Reached XP level 7. HP: 42/52 MP: 10/10
  3296 | D:4      | Found a glowing drain.
  3319 | Sewer    | Entered a sewer
  3893 | D:5      | Entered Level 5 of the Dungeon
  4715 | D:5      | Found a staircase to the Ecumenical Temple.
  5004 | Temple   | Entered the Ecumenical Temple
  5072 | Temple   | Became a worshipper of Hepliaklqana the Forgotten
  5246 | D:5      | Reached XP level 8. HP: 7/60 MP: 12/12
  6121 | D:6      | HP: 3/60 [ogre/+0 giant club (11)]
  7725 | D:6      | Found Idos's Magic Scroll Shoppe.
  8088 | D:7      | Identified the +0 ring mail of Dim Light {Will+ Str+2
                  | Int-3}
  8113 | D:6      | Reached XP level 9. HP: 51/66 MP: 14/14
  8166 | D:7      | Found Lenguduz's General Store.
  8873 | D:7      | Identified the +0 ring mail of Rotini {*Corrode rPois rN+++
                  | Dex-3}
  9034 | D:7      | Found a sacrificial altar of Ru.
  9040 | D:7      | Found a hide-covered altar of Uskayaw.
  9045 | D:7      | Found a glowing golden altar of the Shining One.
  9237 | D:8      | Found Gonoimma's Assorted Antiques.
  9242 | D:8      | Bought a scroll labelled VEIT NAORPH for 29 gold pieces
  9242 | D:8      | Bought a scroll labelled SAULOZ XILEO for 29 gold pieces
  9242 | D:8      | Bought an amethyst potion for 26 gold pieces
  9242 | D:8      | Bought a ruby potion for 26 gold pieces
  9283 | D:8      | Noticed Maurice
  9297 | D:8      | Killed Maurice
  9298 | D:8      | Reached skill level 5 in Fighting
  9298 | D:8      | Reached skill level 5 in Dodging
  9298 | D:8      | Reached skill level 5 in Stealth
  9315 | D:8      | Reached skill level 8 in Evocations
  9376 | D:8      | Reached skill level 5 in Invocations
  9449 | D:8      | Reached * piety under Hepliaklqana
  9494 | D:8      | Killed from afar by an electric eel

Illustrated notes

Levels and vault maps discovered:
D:1:      minmay_arrival_doors, layout_basic
D:2:      layout_loops_corners
D:3:      layout_loops_cross, shapermc_ecumenical_altar_starsandcircs
D:4:      layout_rooms, portal_sewer_entry_d
D:5:      cheibrodos_helix_gallery, layout_basic,
          minmay_temple_entry_steel_oval, item_on_display_b
D:6:      layout_basic, serial_shops, kennysheep_little_box
D:7:      layout_rooms, minmay_overflow_temple_star_quad, serial_shops, shop,
          corner_web_ring
D:8:      layout_loops_ring, erik_lair_island, enter_bailey_3,
          minmay_shop_grid_forest, minmay_misc_feat_plants, uniq_maurice
Temple:   minmay_temple_bridge_d

Skill      XL: |  1  2  3  4  5  6  7  8  9 |
---------------+----------------------------+-----
Invocations    | 1 2 3 4 5 |  5.2
Short Blades   | 1 2 3 4 |  4.7
Long Blades    | 1 2 3 4 |  4.7
Axes           | 1 2 3 4 |  4.7
Maces & Flails | 1 2 3 4 |  4.7
Polearms       | 1 2 3 4 |  4.7
Staves         | 1 2 3 4 |  4.7
Ranged Weapons | 1 2 3 4 |  4.7
Throwing       | 1 2 3 4 |  4.7
Shields        | 1 2 3 4 |  4.7
Unarmed Combat | 1 2 3 4 |  4.7
Spellcasting   | 1 2 3 4 |  4.7
Shapeshifting  | 1 2 3 4 |  4.3
Conjurations   | 1 2 3 |  3.9
Hexes          | 1 2 3 |  3.9
Summonings     | 1 2 3 |  3.9
Necromancy     | 1 2 3 |  3.9
Translocations | 1 2 3 |  3.9
Transmutations | 1 2 3 |  3.9
Fire Magic     | 1 2 3 |  3.9
Ice Magic      | 1 2 3 |  3.9
Air Magic      | 1 2 3 |  3.9
Earth Magic    | 1 2 3 |  3.9
Poison Magic   | 1 2 3 |  3.9
Fighting       | 3 4 5 |  5.4
Dodging        | 3 4 5 |  5.4
Stealth        | 3 4 5 |  5.3
Armour         | 5 6 |  6.7
Evocations     | 7 8 |  8.2

Action                     |  1- 3 |  4- 6 |  7- 9 || total
---------------------------+-------+-------+-------++-------
  Melee: Club              |   157 |   173 |    21 ||   351
         Bite              |    14 |    17 |    46 ||    77
         Punch             |       |     3 |    16 ||    19
         Flail             |       |       |   473 ||   473
         Short sword       |       |       |     5 ||     5
  Evoke: Wand              |       |    24 |    22 ||    46
    Use: Scroll            |       |     5 |     9 ||    14
   Stab: Sleeping          |     5 |       |       ||     5
         Paralysed         |       |       |    10 ||    10
 Armour: Leather armour    |    42 |    58 |       ||   100
         Gold dragon scale |       |    33 |   706 ||   739
  Dodge: Dodged            |   125 |   130 |    19 ||   274

Table legend: (Time is in decaauts)
 A = Elapsed time spent in this place.
 B = Non-inter-level travel time spent in this place.
 C = Inter-level travel time spent in this place.
 D = Time resting spent in this place.
 E = Time spent auto-exploring this place.
 F = Levels seen in this place.
 G = Mean time per level.
                   A        B        C        D        E       F      G
               +--------+--------+--------+--------+--------+-----+--------+
         Total |   9717 |   9324 |    393 |   1565 |   5181 |  10 |  971.7 |
       Dungeon |   9451 |   9194 |    257 |   1565 |   5126 |   8 | 1181.4 |
        Temple |    136 |      1 |    135 |      0 |      0 |   1 |  136.0 |
         Sewer |    129 |    129 |      0 |      0 |     55 |   1 |  129.0 |
               +--------+--------+--------+--------+--------+-----+--------+

Top non-repeatable levels by time:
     D:5: 2423 daAuts
     D:7: 1395 daAuts
     D:6: 1328 daAuts
     D:2: 1320 daAuts
     D:3: 1014 daAuts
     D:4: 910 daAuts
     D:1: 766 daAuts
     D:8: 291 daAuts
  Temple: 136 daAuts
   Sewer: 129 daAuts
